Map: Ephemeron LE

Players

SortOf

  • Race: Zerg Zerg
  • League: Master
  • Spawn Location: 5:00

HeroMarine - Winner!

  • Race: Terran Terran
  • League: Master
  • Spawn Location: 11:00

Event: HomeStory Cup XX

VOD

Have the link to the VOD?

Description

Time

  • Played on: Nov. 21, 2019, 11:21 a.m.
  • Length: 14:12

All games in this series

Show
View Real Time Build Order
Export as new Build Order

SortOf Zerg 

Build Orders: Hatch First, Lurkers 

Get SALT Encoding   

  12  0:00  Drone  
  13  0:12  Overlord  
  13  0:16  Drone  
  14  0:31  Drone x2  
  16  0:49  Hatchery  
  15  0:52  Drone  
  15  0:55  Drone  
  17  0:58  Drone  
  18  1:10  Extractor  
  17  1:14  Spawning Pool  
  17  1:17  Drone  
  17  1:20  Drone  
  18  1:28  Drone  
  19  1:38  Drone  
  20  1:49  Drone  
  21  2:01  Queen x2  
  21  2:04  Zergling x4  
  27  2:12  Overlord  
  27  2:20  Hatchery  
  26  2:23  Drone  
  26  2:28  Drone  
  28  2:32  Metabolic Boost  
  27  2:39  Queen  
  29  2:48  Drone x3  
  32  2:52  Overlord  
  32  2:56  Drone x2  
  34  3:04  Drone  
  35  3:13  Drone x5  
  35  3:17  Queen  
  42  3:23  Zergling x2  
  43  3:33  Queen  
  43  3:34  Overlord  
  45  3:38  Drone x4  
  49  3:49  Overlord, Roach Warren  
  48  3:59  Zergling x2  
  48  4:00  Overlord  
  49  4:04  Overlord  
  49  4:07  Queen  
  49  4:08  Spore Crawler, Drone x5  
  55  4:12  Drone x2  
  57  4:18  Queen  
  57  4:19  Overlord  
  57  4:23  Drone  
  60  4:31  Zergling x6  
  63  4:33  Drone x5  
  68  4:39  Drone x4  
  68  4:45  Queen  
  74  4:48  Drone x3  
  77  4:54  Roach  
  77  4:55  Evolution Chamber, Roach  
  77  4:56  Evolution Chamber  
  76  5:11  Roach x3  
  79  5:14  Drone x2, Lair  
  79  5:17  Extractor x2, Drone x2  
  79  5:19  Extractor  
  79  5:20  Spore Crawler, Drone x3  
  82  5:22  Spore Crawler  
  82  5:23  Drone  
  82  5:27  Overlord  
  82  5:28  Overlord  
  82  5:34  Overlord  
  82  5:36  Extractor  
  82  5:41  Hatchery  
  82  5:42  Spore Crawler, Drone x6  
  81  5:47  Queen  
  79  5:57  Drone x5  
  79  6:01  Spore Crawler, Drone  
  84  6:05  Drone x2  
  84  6:08  Zerg Melee Weapons Level 1  
  84  6:09  Drone x2  
  88  6:15  Drone x2  
  88  6:16  Drone x2  
  90  6:19  Baneling Nest  
  90  6:21  Zerg Ground Armor Level 1  
  89  6:26  Glial Reconstitution  
  89  6:28  Drone  
  89  6:29  Drone  
  89  6:30  Drone x2  
  89  6:32  Extractor  
  92  6:37  Roach x3  
  92  6:38  Overlord  
  98  6:41  Overseer, Overlord x2  
  98  6:51  Overlord  
  98  6:54  Roach x3  
  98  6:55  Overlord  
  98  6:58  Ravager x3  
  98  6:59  Drone x4  
  111  7:05  Zergling x14  
  118  7:12  Zergling x4  
  118  7:14  Overseer  
  120  7:18  Overlord  
  120  7:21  Zergling x6  
  123  7:26  Centrifical Hooks  
  123  7:28  Drone x9  
  132  7:32  Hydralisk Den  
  132  7:35  Baneling  
  132  7:36  Infestation Pit, Baneling x3  
  134  7:37  Roach x2  
  134  7:39  Queen  
  134  7:48  Queen x2  
  134  7:55  Drone  
  129  8:10  Overlord  
  129  8:11  Hydralisk x10  
  129  8:12  Muscular Augments  
  147  8:15  Queen  
  147  8:16  Drone x3  
  147  8:18  Extractor  
  147  8:19  Extractor  
  150  8:25  Overlord x3  
  150  8:28  Hive  
  150  8:30  Lurker Den  
  150  8:31  Zergling x6, Drone x2  
  154  8:36  Hydralisk  
  154  8:37  Zergling x4, Hydralisk  
  160  8:44  Hydralisk x3  
  165  8:51  Queen  
  165  8:55  Zergling x12  
  173  8:58  Hatchery, Baneling  
  173  8:59  Baneling  
  171  9:05  Zerg Ground Armor Level 2, Zerg Melee Weapons Level 2  
  171  9:13  Hydralisk x2  
  171  9:14  Hydralisk x2  
  171  9:16  Overlord  
  175  9:23  Grooved Spines  
  170  9:31  Lurker x2  
  170  9:32  Lurker, Seismic Spines  
  170  9:34  Drone x12  
  185  9:39  Overlord  
  185  9:40  Extractor  
  185  9:44  Extractor  
  183  9:52  Viper  
  186  9:57  Nydus Network  
  186  9:58  Hydralisk  
  186  9:59  Hydralisk  
  182  10:07  Lurker  
  182  10:09  Hydralisk x2  
  182  10:10  Zergling x20  
  197  10:14  Spine Crawler  
  197  10:15  Spore Crawler  
  194  10:31  Hydralisk x3  
  197  10:43  Nydus Canal  
  174  10:50  Hydralisk x15  
  174  10:51  Zergling x2  
  199  10:58  Nydus Canal  
  199  11:01  Hydralisk x2  
  185  11:38  Zergling x14  
  190  11:44  Viper x2  
  190  11:45  Viper x2  
  185  11:56  Zerg Missile Weapons Level 1  
  169  12:03  Roach x2  
  169  12:04  Roach x12  
  191  12:10  Overlord  
  176  12:30  Overlord x6  
  176  12:31  Overlord  
  176  12:33  Overlord  
  148  12:54  Hydralisk x9  
  148  12:55  Hydralisk x5  
  148  12:57  Hydralisk x8  
  161  13:02  Queen  
  163  13:07  Hydralisk x3  
  159  13:16  Hydralisk x4  
  153  13:29  Hydralisk x9  
  153  13:31  Queen x2  
  173  13:41  Roach x4  
  178  13:52  Zergling x22  
Show
View Real Time Build Order
Export as new Build Order

HeroMarine Terran - Winner!

Build Orders: Hellion Opening, Reaper Expand, Mech 

Get SALT Encoding   

  12  0:00  SCV  
  13  0:13  SCV  
  14  0:17  Supply Depot  
  14  0:25  SCV  
  15  0:38  SCV  
  15  0:39  Barracks  
  16  0:44  Refinery  
  16  0:51  SCV  
  17  1:03  SCV  
  18  1:15  SCV  
  19  1:27  Orbital Command, Reaper  
  20  1:40  Command Center  
  20  1:49  Supply Depot  
  20  1:52  SCV  
  21  1:59  Marine  
  22  2:05  SCV  
  22  2:07  Factory  
  23  2:12  Refinery  
  23  2:17  SCV  
  23  2:22  Barracks Reactor  
  24  2:29  SCV  
  25  2:41  SCV  
  26  2:53  Orbital Command, SCV  
  26  2:54  Starport  
  27  3:03  Hellion  
  27  3:04  Hellion  
  27  3:05  Marine, SCV  
  33  3:17  SCV  
  33  3:19  SCV  
  35  3:24  Supply Depot  
  35  3:25  Hellion x2  
  35  3:26  Marine  
  40  3:32  SCV x2  
  41  3:35  Fusion Core  
  43  3:44  SCV x2  
  43  3:45  Barracks Tech Lab  
  45  3:49  Hellion  
  45  3:50  Hellion  
  45  3:55  Supply Depot  
  49  3:57  SCV x2  
  49  4:09  SCV x2  
  55  4:22  Battlecruiser  
  61  4:24  Supply Depot, SCV  
  61  4:28  SCV  
  59  4:33  Command Center  
  59  4:36  SCV  
  60  4:40  SCV  
  60  4:41  Refinery x2  
  61  4:48  SCV  
  61  4:52  Supply Depot  
  62  4:53  Marine x2, Factory Tech Lab, SCV  
  65  5:00  SCV  
  65  5:05  SCV  
  59  5:10  Marine  
  59  5:11  Marine  
  59  5:12  SCV  
  60  5:17  SCV  
  60  5:19  Siege Tank  
  64  5:22  Factory  
  64  5:23  Factory  
  64  5:24  SCV  
  65  5:28  Marine x2  
  65  5:29  SCV  
  68  5:37  SCV  
  68  5:41  SCV  
  70  5:46  Orbital Command  
  70  5:48  Battlecruiser  
  70  5:49  SCV  
  79  5:53  SCV  
  80  6:01  SCV  
  80  6:02  Weapon Refit  
  80  6:03  Supply Depot  
  79  6:05  SCV  
  79  6:09  Hellion x2  
  79  6:10  Factory Tech Lab  
  84  6:13  SCV  
  84  6:18  SCV  
  86  6:21  Siege Tank  
  86  6:23  Orbital Command  
  86  6:25  Command Center, SCV  
  90  6:30  Hellion x2, SCV  
  90  6:31  Supply Depot  
  98  6:32  Siege Tank  
  98  6:33  Engineering Bay  
  98  6:34  Refinery  
  98  6:36  Refinery  
  98  6:37  SCV  
  99  6:42  SCV  
  100  6:47  Supply Depot  
  100  6:48  Supply Depot  
  100  6:49  SCV  
  101  6:54  SCV  
  101  6:58  Battlecruiser  
  108  7:01  SCV  
  109  7:09  SCV x2  
  109  7:13  SCV  
  112  7:16  Supply Depot  
  112  7:17  Supply Depot x2  
  112  7:21  SCV, Cyclone x2  
  112  7:22  Mag-Field Accelerator  
  119  7:25  Infernal Pre-Igniter  
  119  7:27  SCV x2  
  121  7:33  SCV  
  121  7:36  Hellion  
  121  7:37  Hellion, Orbital Command  
  126  7:39  SCV x2  
  128  7:45  SCV  
  129  7:51  SCV  
  129  7:52  SCV  
  129  7:57  Siege Tank x2  
  129  7:58  SCV  
  138  7:59  Missile Turret  
  138  8:03  Factory x2, Armory  
  138  8:08  Hellion x2  
  138  8:09  Armory  
  138  8:12  SCV x2  
  144  8:16  Command Center  
  144  8:29  Supply Depot  
  144  8:30  Supply Depot  
  144  8:31  Siege Tank  
  144  8:34  Orbital Command  
  150  8:46  Hellion x2  
  150  8:47  Factory Tech Lab, Factory Reactor  
  154  8:49  Sensor Tower  
  154  8:50  SCV x3  
  157  8:59  Terran Vehicle And Ship Armor Level 1, Terran Vehicle Weapons Level 1  
  157  9:01  Refinery  
  157  9:02  SCV  
  157  9:03  Refinery  
  157  9:08  Siege Tank x2  
  156  9:12  Siege Tank  
  156  9:14  Hellion x2  
  163  9:32  Command Center  
  163  9:36  Command Center  
  163  9:38  Starport Reactor  
  163  9:39  Command Center  
  163  9:41  Missile Turret x2  
  163  9:43  Siege Tank x2  
  163  9:44  Siege Tank  
  172  9:46  Factory  
  171  10:06  Factory  
  170  10:08  Planetary Fortress  
  170  10:09  Factory  
  169  10:17  Viking x2  
  169  10:18  Siege Tank  
  169  10:19  Siege Tank  
  169  10:20  Siege Tank  
  182  10:26  Hellion x2  
  182  10:27  Hellion x2  
  184  10:32  SCV x3  
  184  10:34  SCV  
  171  10:44  SCV x2  
  171  10:45  SCV x2  
  171  10:47  Viking x2, SCV  
  157  10:52  Siege Tank x2  
  157  10:56  SCV x2  
  157  10:57  SCV  
  149  11:04  Siege Tank  
  149  11:06  Siege Tank  
  149  11:07  Factory Tech Lab  
  149  11:09  Factory Tech Lab, SCV x2  
  149  11:10  SCV  
  149  11:11  SCV  
  156  11:14  Orbital Command  
  156  11:17  Viking x2  
  156  11:18  Hellion  
  156  11:19  Hellion x3  
  156  11:24  Hellion  
  162  11:35  Siege Tank  
  162  11:37  Terran Vehicle Weapons Level 2  
  165  11:45  Siege Tank  
  152  11:47  Viking x2  
  152  11:49  Hellion x3  
  152  11:50  Siege Tank  
  152  11:52  Hellion x2  
  169  11:54  Siege Tank  
  169  11:55  Hellion  
  170  12:07  Hellion  
  169  12:10  Hellion x3  
  169  12:13  Hellion, Siege Tank  
  176  12:21  Siege Tank x2  
  176  12:26  Hellion  
  176  12:27  Hellion  
  176  12:28  Siege Tank  
  169  12:31  Hellion  
  169  12:32  Hellion  
  169  12:36  Hellion x2  
  177  12:45  Siege Tank  
  177  12:47  Siege Tank  
  164  12:53  Hellion, Siege Tank  
  164  12:54  Hellion  
  164  12:58  Hellion x2  
  160  13:01  Siege Tank  
  155  13:11  Cyclone x2  
  161  13:16  Hellion  
  161  13:18  Starport, Cyclone  
  161  13:19  Hellion  
  154  13:20  Starport  
  154  13:24  Cyclone  
  154  13:25  Hellion  
  159  13:30  Viking x2  
  163  13:34  Cyclone  
  163  13:38  Hellion x2  
  181  13:59  Starport Reactor  
  181  14:00  Starport Reactor  
Tags
 
Add a new tag
Caveats
  • Supply blocks, unpowered buildings, or Contaminate may cause inaccurate times.
  • Supply counts are checked every 10 seconds.